 Dungeon Crawl Stone Soup version 0.27.1-35-g4d5d836560 (console) character file.

Game seed: 9923117803954977811

773 Banquo the Chopper (level 8, -1/64 HPs)
             Began as a Formicid Fighter on Mar 3, 2022.
             Was a Believer of Kikubaaqudgha.
             Slain by a two-headed ogre (28 damage)
             ... on level 6 of the Dungeon.
             The game lasted 00:19:01 (3985 turns).

Banquo the Chopper (Formicid Fighter)               Turns: 3985, Time: 00:19:02

Health: -1/64      AC: 12    Str: 22    XL:     8   Next: 9%
Magic:  8/8        EV:  8    Int:  9    God:    Kikubaaqudgha [**....]
Gold:   133        SH: 10    Dex: 10    Spells: 7/7 levels left

rFire    . . .     SeeInvis +   a - +1 war axe
rCold    . . .     Faith    .   i - +0 kite shield
rNeg     . . .     Spirit   .   d - +0 scale mail
rPois    .         Reflect  .   (helmet unavailable)
rElec    .         Harm     .   (no cloak)
rCorr    .         Rampage  .   n - +0 pair of gloves
Will     .....                  (no boots)
Stlth    ..........             (no amulet)
HPRegen  0.20/turn              A - +4 ring of protection
MPRegen  0.11/turn              (no ring)

@: mighty, studying Fighting
A: permanent stasis, dig shafts and tunnels, antennae 3, four strong arms
a: Dig, Shaft Self, Renounce Religion, Receive Corpses


You were on level 6 of the Dungeon.
You worshipped Kikubaaqudgha.
Kikubaaqudgha was pleased with you.
You visited 1 branch of the dungeon, and saw 5 of its levels.
You also visited: Sewer.

You collected 153 gold pieces.
You spent 20 gold pieces at shops.

Inventory:

Hand Weapons
 a - a +1 war axe (weapon)
Missiles
 h - 3 poisoned darts
 l - 74 stones
Armour
 d - a +0 scale mail (worn)
 i - a +0 kite shield (worn)
 n - a +0 pair of gloves (worn)
Jewellery
 g - a ring of ice
 A - a +4 ring of protection (left hand)
Wands
 e - a wand of polymorph (12)
 m - a wand of acid (11)
Scrolls
 r - 4 scrolls of identify
Potions
 b - a potion of might
 c - a potion of resistance
 f - 2 potions of brilliance
 j - 5 potions of flight
 k - a potion of heal wounds


   Skills:
 * Level 5.9 Fighting
 * Level 7.1 Axes
 + Level 4.0 Armour
 + Level 0.8 Dodging
 * Level 4.9 Shields


You had 7 spell levels left.
You didn't know any spells.
Your spell library contained the following spells:

 Spells                   Type           Power      Damage    Failure   Level
 Pain                     Necr           0%         1d4       94%         1
 Corpse Rot               Necr/Air       N/A        N/A       98%         2
 Sublimation of Blood     Necr           0%         N/A       98%         2
 Ozocubu's Armour         Ice            0%         N/A       100%        3
 Vampiric Draining        Necr           0%         2d6       100%        3
 Metabolic Englaciation   Hex/Ice        0%         N/A       100%        5
 Simulacrum               Ice/Necr       0%         N/A       100%        6


Dungeon Overview and Level Annotations

Branches:
Dungeon (4/15)              Sewer (visited)
 Temple: D:4-7

Altars:
Kikubaaqudgha

Shops:
D:1 *?=?

Annotations:
D:4 Ijyb, Sigmund


Innate Abilities, Weirdness & Mutations

You cannot be hasted, slowed, berserked, paralysed or teleported.
You can dig through walls and to a lower floor.
You have a pair of large antennae on your head. (SInv)
Your four strong arms can wield two-handed weapons with a shield.


Message History

You slash the orc priest!
The orc priest is heavily wounded.
You block the orc priest's attack. x2
You barely miss the orc priest.
The orc priest is heavily wounded.
The orc priest hits you but does no damage.
You closely miss the orc priest.
The orc priest is heavily wounded.
You block the orc priest's attack.
You hit the orc priest.
The orc priest is severely wounded.
The orc priest calls down the wrath of Beogh upon you.
Beogh smites you!
You hear a shout!
You hit the orc priest.
The orc priest is almost dead.
The orc priest invokes the aid of Beogh against you.
Beogh smites you!
The orc priest hits you but does no damage.
Your shield and scale mail prevent you from hitting the orc priest.
The orc priest is almost dead.
The orc priest looks encouraged for a moment.
You completely miss the orc priest.
The orc priest is almost dead.
The orc priest hits you with a +0 club.
You slash the orc priest!
You kill the orc priest!
Kikubaaqudgha accepts your kill. You block the orc's attack.
Your Armour skill increases to level 4!
You slash the orc!
You kill the orc!
Kikubaaqudgha accepts your kill.
A two-headed ogre comes into view.
It is wielding a +0 dire flail and a +0 giant spiked club.
Unknown command.
You feel very mighty all of a sudden.
The two-headed ogre hits you with a +0 dire flail.
The two-headed ogre hits you with a +0 giant spiked club!!
You die...
Kikubaaqudgha rasps: "You have failed me!
Welcome... death!"

.###...รท.#######.....o.o
.......########....{o#..
.......................
#####..........#...[.#
#........###.....#
#........##...#
#............##
#...>....#.##O#
............#@##
.............###
.##..........#
............#
##########... #.##.


You could see a two-headed ogre.

Vanquished Creatures
  An ice beast (D:4)
  2 necrophages (D:6)
  A kobold brigand (Sewer)
  2 wights (D:6)
  A centaur zombie (D:3)
  A howler monkey (D:4)
  2 orc priests (D:6)
  A hound (D:6)
  2 orc wizards (D:6)
  5 adders
  2 river rats (Sewer)
  4 worms
  2 dart slugs
  5 orcs
  6 ball pythons
  5 bats
  5 endoplasms
  4 giant cockroaches
  A goblin (D:3)
  7 hobgoblins
  7 jackals
  3 quokkas
  A frilled lizard (D:1)
  9 kobolds
  8 rats
87 creatures vanquished.

Notes
Turn   | Place    | Note
-------+----------+-------------------------------------------
     0 | D:1      | Banquo the Formicid Fighter began the quest for the Orb.
     0 | D:1      | Reached XP level 1. HP: 18/18 MP: 1/1
   213 | D:1      | Found Ijofipn's Jewellery Emporium.
   219 | D:1      | Found Cugyff's Magic Scroll Boutique.
   230 | D:1      | Found Veneunoch's Magic Scroll Shoppe.
   243 | D:1      | Reached XP level 2. HP: 24/24 MP: 2/2
   312 | D:1      | Found Zyxoto's General Store.
   387 | D:1      | Bought a scroll of identify for 20 gold pieces
   656 | D:1      | Reached skill level 3 in Axes
   940 | D:2      | Reached XP level 3. HP: 25/29 MP: 3/3
  1181 | D:2      | Found a faded altar of an unknown god.
  1197 | D:2      | Became a worshipper of Kikubaaqudgha
  1197 | D:2      | Reached * piety under Kikubaaqudgha
  1197 | D:2      | Received a gift from Kikubaaqudgha
  1259 | D:2      | Reached XP level 4. HP: 29/35 MP: 4/4
  1341 | D:2      | Reached skill level 4 in Axes
  2095 | D:3      | Identified a scroll of acquirement
  2095 | D:3      | Acquired a manual of Fighting
  2280 | D:3      | Reached ** piety under Kikubaaqudgha
  2582 | D:3      | Reached XP level 5. HP: 41/41 MP: 5/5
  3048 | D:4      | Noticed an ice beast
  3063 | D:4      | Killed an ice beast
  3064 | D:4      | Reached skill level 5 in Axes
  3064 | D:4      | Reached XP level 6. HP: 30/48 MP: 6/6
  3115 | D:4      | Found a glowing drain.
  3189 | Sewer    | Entered a sewer
  3377 | Sewer    | Found a white marble altar of Elyvilon.
  3494 | D:4      | Reached XP level 7. HP: 52/55 MP: 7/7
  3500 | D:4      | Noticed Sigmund
  3525 | D:4      | Noticed Ijyb
  3530 | D:4      | You fall into a shaft and drop 2 floors!
  3548 | D:6      | Reached skill level 6 in Axes
  3657 | D:6      | Reached skill level 5 in Fighting
  3829 | D:6      | Reached skill level 7 in Axes
  3829 | D:6      | Reached XP level 8. HP: 40/64 MP: 8/8
  3984 | D:6      | Noticed a two-headed ogre
  3985 | D:6      | Slain by a two-headed ogre

Illustrated notes

Levels and vault maps discovered:
D:1:      matt_arrival_diagonals, layout_rooms, serial_co_window_serial,
          co_window_paths_a, co_window_paths_a, co_window_of_opportunity_a,
          co_window_paths_a, co_window_corner_a, co_window_corner_b,
          co_window_broadway_c, co_window_corner_ca, co_window_of_opportunity_c,
          co_window_cross_3, co_window_4corner_a, glass_columns_c,
          glass_columns_c, serial_shops, nicolae_shop_trees,
          nicolae_shop_temple_entry_statues_fountains, shop_statue,
          nicolae_shop_statue_plus
D:2:      minmay_skewed_foursquare, layout_loops_ring,
          shapermc_ecumenical_altar_mp_highgroup, serial_bayou_ford_a
D:3:      layout_basic
D:4:      layout_loops_ring, cheibrodos_sewer_entry_drain,
          hangedman_feature_mirror, minmay_misc_feat_plants, minivault_5,
          uniq_sigmund, uniq_ijyb, uniq_eustachio
D:6:      layout_rooms, lemuel_zombie_altar_yredelemnul, serial_shops,
          shop_statue, sword_in_stone

Skill      XL: |  1  2  3  4  5  6  7  8 |
---------------+-------------------------+-----
Axes           | 3 4 5 7 |  7.1
Fighting       | 4 5 |  5.9
Shields        | 4 |  4.9
Armour         | 4 |  4.0
Dodging        | |  0.8

Action                   |  1- 3 |  4- 6 |  7- 9 || total
-------------------------+-------+-------+-------++-------
Melee: War axe           |    84 |   173 |    64 ||   321
 Abil: Dig               |     1 |       |     2 ||     3
       Shaft Self        |       |       |     1 ||     1
  Use: Scroll            |     1 |    10 |     1 ||    12
       Potion            |       |       |     2 ||     2
Armor: Scale mail        |    50 |    74 |    11 ||   135
Dodge: Dodged            |    32 |    48 |    14 ||    94
Block: Kite shield       |    53 |    84 |    31 ||   168
